 Dungeon Crawl Stone Soup version 0.27-a0-1200-g94dc6ad4cf (webtiles) character file.

Game seed: 12325338109161326975

20 senseless the Cutter (level 2, -5/16 HPs)
             Began as a Spriggan Chaos Knight on May 31, 2021.
             Was a Plaything of Xom.
             Slain by a gnoll
             ... wielding a +0 whip
              (13 damage)
             ... on level 1 of the Dungeon.
             The game lasted 00:00:40 (436 turns).

senseless the Cutter (Spriggan Chaos Knight)         Turns: 436, Time: 00:00:40

Health: -5/16      AC:  4    Str:  8    XL:     2   Next: 58%
Magic:  3/3        EV: 17    Int: 13    God:    Xom [..*...]
Gold:   23         SH:  0    Dex: 14    Spells: 1/1 levels left

rFire    . . .     SeeInvis +   a - +0 short sword (chaos)
rCold    . . .     Faith    .   (shield restricted)
rNeg     . . .     Spirit   .   b - +2 robe
rPois    .         Reflect  .   (helmet restricted)
rElec    .         Harm     .   (no cloak)
rCorr    .         Rampage  .   (gloves unavailable)
Will     .....                  (boots unavailable)
Stlth    +.........             (no amulet)
HPRegen  0.05/turn              (no ring)
MPRegen  0.08/turn              (no ring)

@: very quick
A: very small, no large weapons, unfitting armour, see invisible, speed 3
a: Renounce Religion


You were on level 1 of the Dungeon.
You worshipped Xom.
You were a toy of Xom.
You visited 1 branch of the dungeon, and saw 1 of its levels.

You collected 23 gold pieces.

Inventory:

Hand Weapons
 a - a +0 short sword of chaos (weapon)
Armour
 b - a +2 robe (worn)
Scrolls
 d - a scroll of fear {unknown}
Potions
 c - a potion of curing {unknown}


   Skills:
 + Level 2.8 Fighting
 + Level 3.7 Short Blades
 + Level 3.5 Dodging


You had one spell level left.
You didn't know any spells.
Your spell library contained the following spells:

 Spells                   Type           Power      Damage    Failure   Level
 Magic Dart               Conj           0%         1d3       30%         1
 Searing Ray              Conj           0%         3d3       43%         2
 Dazzling Flash           Conj/Hex       0%         N/A       67%         3
 Fulminant Prism          Conj/Hex       0%         3d6       97%         4
 Iskenderun's Mystic Bla  Conj/Tloc      0%         2d3       97%         4


Dungeon Overview and Level Annotations

Branches:
Dungeon (1/15)

Altars:


Innate Abilities, Weirdness & Mutations

You are very small and have problems with some larger weapons.
You are too small for most types of armour.
You have supernaturally acute eyesight. (SInv)
You cover ground extremely quickly. (Speed+++)


Message History

The bat closely misses you. The bat barely misses you.
The bat closely misses you.
You hit the bat. You freeze the bat.
You kill the bat!
Your butterfly disappears in a puff of smoke!
Your butterfly disappears in a puff of smoke!
Your butterfly disappears in a puff of smoke!
Your trail of clouds dissipates.
Things that are here:
a +0 flail; a bat skeleton; a gnoll skeleton A rat comes into view.
You hit the rat.
You kill the rat!
No target in view!
You see here a rat corpse.
A gnoll comes into view. It is wielding a +0 whip.
The gnoll shouts!
Found a bubbling red potion.
You hit the gnoll.
The gnoll goes berserk!
The gnoll is lightly wounded.
The gnoll hits you with a +0 whip!
Ouch! That really hurt!
You are too injured to fight recklessly!
You are too injured to fight recklessly!
You are too injured to fight recklessly!
You hit the gnoll.
The gnoll is moderately wounded.
Xom makes a sudden noise!
You hear a grinding noise.
The gnoll misses you. x2
You hit the gnoll.
The gnoll is poisoned.
The gnoll is moderately wounded.
The gnoll closely misses you.
You hit the gnoll but do no damage.
The gnoll is moderately wounded.
The gnoll closely misses you.
You barely miss the gnoll.
The gnoll is moderately wounded.
The gnoll closely misses you. The gnoll hits you with a +0 whip!
Ouch! That really hurt!
You die...

######## #....!.# ############
#......# #..........## #......#
#............ #......#
#............ #......#
####......... #.....g# #.........
#.....@# #......... #......#
#.......). #......# #.........
#......# #.........
####....########.........
........†................
###########.....########.........
..........#.##### ##########
.#####.##...#


You could see a gnoll (berserk, very poisoned).

Vanquished Creatures
  A gnoll (D:1)
  A ball python (D:1)
  3 endoplasms (D:1)
  2 hobgoblins (D:1)
  2 bats (D:1)
  A rat (D:1)
10 creatures vanquished.

Notes
Turn   | Place    | Note
-------+----------+-------------------------------------------
     0 | D:1      | senseless the Spriggan Chaos Knight began the quest for the
                  | Orb.
     0 | D:1      | Reached XP level 1. HP: 11/11 MP: 2/2
   156 | D:1      | XOM: cloud trail
   167 | D:1      | Reached XP level 2. HP: 15/16 MP: 3/3
   170 | D:1      | XOM: butterfly on damage
   433 | D:1      | XOM: noise
   436 | D:1      | Slain by a gnoll

Illustrated notes

Levels and vault maps discovered:
D:1:      dpeg_arrival_arbitrary_b, layout_basic

Action                   || total
-------------------------++-------
Melee: Short sword       ||    35
Armor: Robe              ||     5
Dodge: Dodged            ||    37

Table legend: (Time is in decaauts)
 A = Elapsed time spent in this place.
 B = Non-inter-level travel time spent in this place.
 C = Inter-level travel time spent in this place.
 D = Time resting spent in this place.
 E = Time spent auto-exploring this place.
 F = Levels seen in this place.
 G = Mean time per level.
                   A        B        C        D        E       F      G
               +--------+--------+--------+--------+--------+-----+--------+
         Total |    373 |    373 |      0 |      0 |    317 |   1 |  373.0 |
       Dungeon |    373 |    373 |      0 |      0 |    317 |   1 |  373.0 |
               +--------+--------+--------+--------+--------+-----+--------+

Top non-repeatable levels by time:
     D:1: 373 daAuts
